 Dungeon Crawl Stone Soup version 0.28.0-45-g0d030f2227 (webtiles) character file.

Game seed: 13080024640154103470

79 zeratav the Insei (level 4, -1/29 HPs)
             Began as an Octopode Transmuter on Apr 7, 2022.
             Slain by Terence
             ... wielding a +0 flail
              (10 damage)
             ... on level 3 of the Dungeon.
             The game lasted 00:02:45 (2551 turns).

zeratav the Insei (Octopode Transmuter)             Turns: 2551, Time: 00:02:46

Health: -1/29      AC:  1    Str:  9    XL:     4   Next: 38%
Magic:  7/7        EV: 13    Int: 15    God:
Gold:   107        SH:  0    Dex: 14    Spells: 3/7 levels left

rFire   . . .      SeeInvis .     - Unarmed
rCold   . . .      Faith    .   (no shield)
rNeg    . . .      Spirit   .   (helmet restricted)
rPois   .          Reflect  .   (no amulet)
rElec   .          Harm     .   (no ring)
rCorr   .          Rampage  .   (no ring)
Will    .....                   (no ring)
Stlth   +++.......              (no ring)
HPRegen 0.09/turn               (no ring)
MPRegen 0.10/turn               (no ring)
                                (no ring)
                                (no ring)

@: no status effects
A: almost no armour, amphibious, 8 rings, camouflage 1, gelatinous body 1,
(nimble swimmer 1), tentacles
a: no special abilities


You were on level 3 of the Dungeon.
You visited 1 branch of the dungeon, and saw 3 of its levels.

You collected 107 gold pieces.


Innate Abilities, Weirdness & Mutations

You cannot wear most types of armour.
You are amphibious.
You can wear up to eight rings at the same time.
Your skin changes colour to match your surroundings (Stealth+).
Your rubbery body absorbs attacks. (AC +1, EV +1)
((You are camouflaged when in or above water. (Stealth+)))
You have tentacles for arms and can constrict up to eight enemies at once.


   Skills:
 + Level 1.9 Fighting
 + Level 2.4 Dodging
 + Level 2.0 Stealth
 * Level 3.8 Unarmed Combat
 - Level 2.0 Spellcasting
 + Level 2.4 Transmutations


You had 3 spell levels left.
You knew the following spells:

 Your Spells              Type           Power      Damage    Failure   Level
a - Beastly Appendage     Tmut           16%        N/A       9%          1
b - Spider Form           Tmut/Pois      5%         N/A       38%         3

Your spell library contained the following spells:

 Spells                   Type           Power      Damage    Failure   Level
 Wereblood                Tmut           8%         N/A       12%         2
 Sting                    Tmut/Pois      20%        1d4       14%         1
 Magic Dart               Conj           4%         1d3       22%         1
 Call Imp                 Summ           1%         N/A       32%         2
 Poisonous Vapours        Pois/Air       2%         N/A       32%         2
 Dazzling Flash           Conj/Hex       2%         N/A       54%         3
 Mephitic Cloud           Conj/Pois/Air  1%         N/A       54%         3
 Ice Form                 Ice/Tmut       5%         N/A       80%         4
 Olgreb's Toxic Radiance  Pois           1%         N/A       91%         4
 Agony                    Necr           1%         N/A       99%         5
 Silence                  Hex/Air        0%         N/A       99%         5

Inventory:

Scrolls
 a - a scroll of summoning {unknown}
 c - 2 scrolls of teleportation {unknown}
Potions
 b - 2 potions of curing {unknown}
 d - a potion of lignification {unknown}

Dungeon Overview and Level Annotations

Branches:
Dungeon (3/15)

Altars:

Annotations:
D:3 Terence

......>...
#.........
#g8.....8.
#.........
##.#K##.#
#.......#
#l####### #@# #@#
#.# ######### #.#
## #.......#####.#
.###.##..........#
#..†....##.#######
##.#.#####.#
#.##.#####.#
.###.......#


You could see Terence and a frilled lizard.


Message History

You constrict the worm. You tentacle-slap the worm.
You kill the worm!
No target in view!
No target in view!
No target in view!
No target in view!
No target in view!
No target in view!
No target in view!
No target in view!
No target in view!
No target in view!
Your transformation is almost over.
You see here a worm corpse.
You see here a worm corpse.
You see here a worm corpse.
Your tentacle spike disappears.
Found a stone staircase leading up.
MP[+1]
Your mp is fully restored (7).
One of your tentacles grows a vicious spike.
MP[-1]
You lost 1 mp, and now have 6/7 mp.
Your transformation is almost over.
There is a stone staircase leading up here.
A hobgoblin comes into view.
The hobgoblin shouts!
You hear an angry hiss.
An adder comes into view.
The hobgoblin moves out of view.
MP[+1]
Your mp is fully restored (7).
An adder is nearby!
A frilled lizard and a kobold come into view.
The kobold is wielding a +0 club and quivering poisoned darts.
Found a stone staircase leading down.
Your tentacle spike disappears.
A quokka comes into view.
The frilled lizard hisses angrily.
The kobold shouts!
An endoplasm comes into view.
The adder misses you.
Terence the Incautious comes into view.
He is wielding a +0 flail.
The adder bites you.
HP[-4]
You take 4 damage, and now have 25/29 hp.
The adder closely misses you.
There is a stone staircase leading up here.
You barely miss the adder. You grab the adder. You constrict the adder.
The adder closely misses you.
You barely miss the adder. You squeeze the adder!
You kill the adder!
Your Stealth skill increases to level 2!
You tentacle-slap the quokka.
You kill the quokka!
The kobold misses you.
There is a stone staircase leading up here.
You see here a quokka corpse.
You tentacle-slap the kobold.
You kill the kobold!
HP[+1]
You tentacle-slap the endoplasm.
The endoplasm jiggles.
The endoplasm closely misses you.
You tentacle-slap the endoplasm.
You kill the endoplasm!
You tentacle-slap the hobgoblin. You grab the hobgoblin.
You constrict the hobgoblin. The hobgoblin hits you.
HP[-1]
You take 1 damage, and now have 25/29 hp.
You tentacle-slap the hobgoblin.
You kill the hobgoblin!
You tentacle-slap Terence but do no damage.
Your grab misses Terence. Terence misses you.
You barely miss Terence. You grab Terence.
You constrict Terence, but do no damage.
Terence hits you with a +0 flail.
HP[-2]
You take 2 damage, and now have 23/29 hp.
You tentacle-slap Terence but do no damage.
You squeeze Terence.
You constrict Terence, but do no damage.
Terence hits you with a +0 flail.
HP[-5]
You take 5 damage, and now have 18/29 hp.
You tentacle-slap Terence but do no damage.
You constrict Terence, but do no damage.
Terence hits you with a +0 flail!
* * * LOW HITPOINT WARNING * * *
You tentacle-slap Terence but do no damage.
You constrict Terence. Terence barely misses you.
HP[-10]
You take 10 damage, and now have 8/29 hp.
MASSIVE DAMAGE!! (PAUSE)
You tentacle-slap Terence but do no damage.
You constrict Terence, but do no damage.
Terence barely misses you.
You barely miss Terence.
You constrict Terence, but do no damage.
Terence hits you with a +0 flail!
You die...

Skill      XL: |  1  2  3  4 |
---------------+-------------+-----
Stealth        | 1 2 |  2.0
Fighting       | |  1.9
Dodging        | |  2.4
Unarmed Combat | |  3.8
Spellcasting   | |  2.0
Transmutations | |  2.4

Action                   |  1- 3 |  4- 6 || total
-------------------------+-------+-------++-------
Melee: Unarmed           |    88 |    19 ||   107
       Constrict         |    24 |     4 ||    28
       Kick              |    23 |     2 ||    25
       Punch             |     6 |     1 ||     7
       Tentacles         |    12 |     4 ||    16
 Cast: Beastly Appendage |    25 |     2 ||    27
 Stab: Sleeping          |    10 |       ||    10
Armor: Skin              |     5 |       ||     5
Dodge: Dodged            |    37 |    10 ||    47

Levels and vault maps discovered:
D:1:      onia_arrival_mini_maze, layout_loops_ring
D:2:      layout_basic, chequers_garden, minmay_vboxes
D:3:      minmay_general_purpose_star, layout_loops_cross, serial_forest,
          infiniplex_forest_end_double, infiniplex_forest_clump_tiny,
          infiniplex_forest_straight_5, infiniplex_forest_straight_2,
          infiniplex_forest_clump_small, infiniplex_forest_lined_room_2,
          st_stairs_1, uniq_terence, uniq_grinder

Notes
Turn   | Place    | Note
-------+----------+-------------------------------------------
     0 | D:1      | zeratav the Octopode Transmuter began the quest for the
                  | Orb.
     0 | D:1      | Reached XP level 1. HP: 13/13 MP: 3/3
     0 | D:1      | magus.rc [v1.9.6]
   126 | D:1      | You pick up a book of the Senses and begin reading...
   126 | D:1      | You add the spells Dazzling Flash, Agony and Silence to
                  | your library.
   350 | D:1      | Reached XP level 2. HP: 18/18 MP: 3/5
   445 | D:1      | Reached skill level 1 in Stealth
  1216 | D:2      | Reached XP level 3. HP: 14/23 MP: 6/6
  2239 | D:2      | Reached XP level 4. HP: 28/29 MP: 5/7
  2256 | D:2      | You pick up a book of Minor Magic and begin reading...
  2256 | D:2      | You add the spells Magic Dart, Call Imp and Mephitic Cloud
                  | to your library.
  2406 | D:2      | You add the spells Sting, Poisonous Vapours and Olgreb's
                  | Toxic Radiance to your library.
  2478 | D:3      | Learned a level 3 spell: Spider Form
  2530 | D:3      | Noticed Terence
  2538 | D:3      | Reached skill level 2 in Stealth
  2551 | D:3      | Slain by Terence

Vanquished Creatures
  2 adders
  3 worms
  A dart slug (D:2)
  2 ball pythons
  5 endoplasms
  5 goblins
  5 hobgoblins
  3 jackals (D:2)
  4 kobolds
  5 quokkas
  4 bats (D:2)
  3 frilled lizards (D:2)
  6 rats
48 creatures vanquished.

Vanquished Creatures (others)
  A plant (D:3)
1 creature vanquished.

Grand Total: 49 creatures vanquished

Table legend:
 A = Non-vault XP
 B = Vault XP
 C = Vault XP percentage of total XP
 D = Non-vault monster count
 E = Vault monster count
 F = Vault count percentage of total count
                 A         B        C        D         E       F
            +---------+---------+-------+---------+---------+-------
      Total |      88 |      26 |  22.8 |      39 |       9 |  18.8
            +---------+---------+-------+---------+---------+-------
        D:1 |      18 |       0 |   0.0 |      12 |       0 |   0.0
        D:2 |      49 |      22 |  31.0 |      23 |       7 |  23.3
        D:3 |      21 |       4 |  16.0 |       4 |       2 |  33.3
            +---------+---------+-------+---------+---------+-------

Illustrated notes

Table legend:
 A = Kills in this place as a percentage of kills in entire the game.
 B = Kills by you in this place as a percentage of kills by you in the entire game.
 C = Kills by friends in this place as a percentage of kills by friends in the entire game.
 D = Other kills in this place as a percentage of other kills in the entire game.
 E = Experience gained in this place as a percentage of experience gained in the entire game.
 F = Experience gained in this place divided by the number of levels of this place that you have seen.
                   A       B       C       D       E      F
               +-------+-------+-------+-------+-------+----------------------
         Total | 100.0 | 100.0 |   N/A |   N/A | 100.0 |  38.0
       Dungeon | 100.0 | 100.0 |   N/A |   N/A | 100.0 |  38.0
               +-------+-------+-------+-------+-------+----------------------

Table legend: (Time is in decaauts)
 A = Elapsed time spent in this place.
 B = Non-inter-level travel time spent in this place.
 C = Inter-level travel time spent in this place.
 D = Time resting spent in this place.
 E = Time spent auto-exploring this place.
 F = Levels seen in this place.
 G = Mean time per level.
                   A        B        C        D        E       F      G
               +--------+--------+--------+--------+--------+-----+--------+
         Total |   2543 |   2463 |     80 |     57 |   2085 |   3 |  847.7 |
       Dungeon |   2543 |   2463 |     80 |     57 |   2085 |   3 |  847.7 |
               +--------+--------+--------+--------+--------+-----+--------+

Top non-repeatable levels by time:
     D:2: 1521 daAuts
     D:1: 932 daAuts
     D:3: 89 daAuts
